 Dungeon Crawl Stone Soup version 0.28.0 (webtiles) character file.

Game seed: 15054288538974189987

74 eskoe the Skirmisher (level 4, -2/35 HPs)
             Began as a Demonspawn Abyssal Knight on Feb 11, 2022.
             Was a Follower of Lugonu.
             Killed from afar by Sigmund (7 damage)
             ... with a puff of flame
             ... on level 3 of the Dungeon.
             The game lasted 00:05:41 (2824 turns).

eskoe the Skirmisher (Demonspawn Abyssal Knight)    Turns: 2824, Time: 00:05:41

Health: -2/35      AC:  5    Str: 16    XL:     4   Next: 9%
Magic:  6/6        EV: 11    Int: 11    God:    Lugonu [*.....]
Gold:   168        SH:  0    Dex: 13    Spells: 3/3 levels left

rFire   . . .      SeeInvis .   a - +1 hand axe
rCold   . . .      Faith    .   (no shield)
rNeg    . . .      Spirit   .   b - +0 leather armour
rPois   .          Reflect  .   (no helmet)
rElec   .          Harm     .   (no cloak)
rCorr   .          Rampage  .   (no gloves)
Will    .....                   (no boots)
Stlth   +.........              (no amulet)
HPRegen 0.11/turn               (no ring)
MPRegen 0.10/turn               (no ring)

@: confused
A: thin metallic scales 1, condensation shield
a: Renounce Religion, Depart the Abyss


You were on level 3 of the Dungeon.
You worshipped Lugonu.
Lugonu was aware of your devotion.
You visited 1 branch of the dungeon, and saw 3 of its levels.
You visited the Abyss 1 time.

You collected 168 gold pieces.

Inventory:

Hand Weapons
 a - a +1 hand axe (weapon)
Armour
 b - a +0 leather armour (worn)
Magical Staves
 c - a staff of conjuration
Scrolls
 d - 2 scrolls of acquirement {unknown}
 e - 4 scrolls of teleportation {unknown}
 i - a scroll of identify {unknown}
 j - a scroll of brand weapon {unknown}
Potions
 f - 2 potions of heal wounds {unknown}
 g - a potion of mutation {unknown}
 h - a potion of haste {unknown}


   Skills:
 + Level 3.5 Fighting
 + Level 2.9 Axes
 + Level 2.1 Armour
 + Level 1.2 Dodging
 + Level 0.5 Stealth
 + Level 0.3 Shields
 + Level 2.7 Invocations


You had 3 spell levels left.
You didn't know any spells.
Your spell library contained the following spells:

 Spells                   Type           Power      Damage    Failure   Level
 Call Imp                 Summ           0%         N/A       54%         2
 Gell's Gravitas          Tloc           0%         N/A       78%         3
 Disjunction              Tloc           0%         N/A       100%        8


Dungeon Overview and Level Annotations

Branches:
Dungeon (3/15)

Altars:

Shops:
D:1 *

Annotations:
D:3 Sigmund


Innate Abilities, Weirdness & Mutations

You are partially covered in thin metallic scales. (AC +2)
A meltable shield of frost defends you. (SH +0)


Message History

Sigmund closely misses you.
An orc wizard comes into view. It is wielding a +0 dagger.
Sigmund hits you with a +0 scythe.
The orc wizard moves out of view.
You hit Sigmund but do no damage. You barely miss Sigmund.
Sigmund hits you with a +0 scythe!
An orc comes into view. It is wielding a +0 war axe.
You barely miss Sigmund. Sigmund hits you with a +0 scythe!
The orc shouts!
You hit Sigmund.
Sigmund is lightly wounded.
You hear a shout!
Sigmund barely misses you.
You closely miss Sigmund.
Sigmund is lightly wounded.
Sigmund hits you with a +0 scythe.
* * * LOW HITPOINT WARNING * * *
You barely miss Sigmund.
Sigmund is lightly wounded.
An orc comes into view. It is wielding a +0 club.
You barely miss Sigmund.
Sigmund is lightly wounded.
Sigmund gestures at you while chanting. The magic dart hits you.
* * * LOW HITPOINT WARNING * * *
An orc priest comes into view. It is wielding a +0 short sword.
You closely miss Sigmund.
Sigmund is lightly wounded.
The orc priest shouts!
Sigmund points at you and mumbles some strange words.
You are confused.
An orc comes into view. It is wielding a +0 club.
Sigmund gestures at you while chanting. The puff of flame misses you.
The orc shouts!
Sigmund closely misses you.
The orc shouts!
The orc wizard shouts!
Sigmund gestures at you while chanting. The puff of flame hits you!
Your condensation shield dissipates!
You die...

.....o.# .....o.#
....oo.# .......#
....o### .o...
###@#### #......#
#..@...# ##......#
#....####
###'##########
#............##
#.....###.....#
#.....# #.....#
#.....# #.....#
#.....###.....######


You could see Sigmund, an orc priest, an orc wizard and 3 orcs.

Vanquished Creatures
  3 adders
  A dart slug (D:1)
  3 worms
  2 bats
  6 endoplasms
  4 hobgoblins (D:1)
  2 quokkas (D:2)
  4 ball pythons
  2 frilled lizards (D:2)
  3 goblins
  3 kobolds
  3 rats
36 creatures vanquished.

Notes
Turn   | Place    | Note
-------+----------+-------------------------------------------
     0 | Abyss:1  | eskoe the Demonspawn Abyssal Knight began the quest for the
                  | Orb.
     0 | Abyss:1  | Reached XP level 1. HP: 18/18 MP: 2/2
     6 | Abyss:1  | Noticed a white draconian
    62 | Abyss:1  | Noticed a chaos spawn
    63 | D:1      | Escaped the Abyss
   140 | D:1      | Found Womuoss's Assorted Antiques.
   570 | D:1      | Gained mutation: A meltable shield of frost defends you.
                  | (SH +0) [demonic ancestry]
   570 | D:1      | Reached XP level 2. HP: 24/24 MP: 3/3
   840 | D:1      | Reached * piety under Lugonu
  1219 | D:2      | Reached skill level 1 in Dodging
  1323 | D:2      | Gained mutation: You are partially covered in thin metallic
                  | scales. (AC +2) [demonic ancestry]
  1323 | D:2      | Reached XP level 3. HP: 21/29 MP: 5/5
  2028 | D:2      | Found a faded altar of an unknown god.
  2301 | D:3      | Got Uxzituah's Incunabulum of Creation and the Voyage
  2543 | D:3      | Reached XP level 4. HP: 14/35 MP: 6/6
  2808 | D:3      | Noticed Sigmund
  2824 | D:3      | Killed from afar by Sigmund

Illustrated notes

Levels and vault maps discovered:
D:1:      ncdulo_halloftheorcs, layout_loops_corners, serial_shops, shop
D:2:      layout_loops_cross, ebering_ecumenical_altar_webs
D:3:      layout_basic, uniq_sigmund

Skill      XL: |  1  2 |
---------------+-------+-----
Armour         | 2 |  2.1
Axes           | 2 |  2.9
Dodging        | 1 |  1.2
Fighting       | |  3.5
Stealth        | |  0.5
Shields        | |  0.3
Invocations    | |  2.7

Action                   |  1- 3 |  4- 6 || total
-------------------------+-------+-------++-------
Melee: Hand axe          |   124 |    12 ||   136
       Punch             |     2 |       ||     2
Invok: Depart the Abyss  |     1 |       ||     1
Armor: Leather armour    |    32 |     2 ||    34
Dodge: Dodged            |    48 |     7 ||    55
Block: Other             |    20 |     2 ||    22
